 Dungeon Crawl Stone Soup version 0.27.0-1-g7a089689b8 (webtiles) character file.

Game seed: 5378335667950996606

61 Descartes the Sneak (level 3, 0/16 HPs)
             Began as a Spriggan Enchanter on Aug 10, 2021.
             Slain by a black bear (2 damage)
             ... created by the rage of Trog
             ... on level 3 of the Dungeon.
             The game lasted 00:08:04 (2628 turns).

Descartes the Sneak (Spriggan Enchanter)            Turns: 2628, Time: 00:08:04

Health: 0/16       AC:  3    Str:  3 (5)  XL:     3   Next: 83%
Magic:  8/8        EV: 19    Int: 16      God:
Gold:   74         SH:  0    Dex: 21      Spells: 5/7 levels left

rFire    . . .     SeeInvis +   a - +2 dagger
rCold    . . .     Faith    .   (shield restricted)
rNeg     . . .     Spirit   .   b - +1 robe
rPois    .         Reflect  .   (helmet restricted)
rElec    .         Harm     .   (no cloak)
rCorr    .         Rampage  .   (gloves unavailable)
Will     .....                  (boots unavailable)
Stlth    +++.......             (no amulet)
HPRegen  0.05/turn              l - +6 ring of dexterity
MPRegen  0.11/turn              (no ring)

@: weak-willed, very quick
A: very small, no large weapons, unfitting armour, see invisible, speed 3
a: no special abilities


You were on level 3 of the Dungeon.
You visited 1 branch of the dungeon, and saw 3 of its levels.

You collected 74 gold pieces.

Inventory:

Hand Weapons
 a - a +2 dagger (weapon)
Missiles
 e - 31 stones
 h - 15 sling bullets
 m - 14 arrows
Armour
 b - a +1 robe (worn)
Jewellery
 l - a +6 ring of dexterity (left hand)
Scrolls
 d - a scroll of enchant armour
 g - a scroll of identify
Potions
 j - a potion of haste {unknown}
 k - 3 potions of curing


   Skills:
 + Level 2.3 Short Blades
 + Level 3.8 Dodging
 + Level 5.4 Stealth
 + Level 2.8 Spellcasting
 + Level 3.7 Hexes
 + Level 0.3 Fire Magic


You had 5 spell levels left.
You knew the following spells:

 Your Spells              Type           Power      Damage    Failure   Level
a - Corona                Hex            15%        N/A       4%          1
b - Foxfire               Conj/Fire      8%         2x1d4     19%         1

Your spell library contained the following spells:

 Spells                   Type           Power      Damage    Failure   Level
 Confusing Touch          Hex            14%        N/A       12%         3
 Tukima's Dance           Hex            14%        N/A       12%         3
 Ensorcelled Hibernation  Hex/Ice        16%        N/A       13%         2
 Dazzling Flash           Conj/Hex       16%        N/A       26%         3
 Inner Flame              Hex/Fire       8%         N/A       26%         3
 Conjure Flame            Conj/Fire      2%         6-21      47%         3


Dungeon Overview and Level Annotations

Branches:
Dungeon (3/15)

Altars:
Trog

Shops:
D:1 !


Innate Abilities, Weirdness & Mutations

You are very small and have problems with some larger weapons.
You are too small for most types of armour.
You have supernaturally acute eyesight. (SInv)
You cover ground extremely quickly. (Speed+++)


Message History

No target in view!
No target in view!
No target in view!
No target in view!
Things that are here:
a +0 dagger; a kobold corpse A ball python comes into view.
The helpless ball python fails to defend itself.
You impale the ball python!!
You kill the ball python!
No target in view!
No target in view!
No target in view!
No target in view!
No target in view!
No target in view!
No target in view!
No target in view!
No target in view!
No target in view!
No target in view!
No target in view!
You open the door.
There is an open door here.
Trog sends monsters to punish you.
A polar bear and 2 black bears come into view.
As you read the scroll labelled XOAKASTRIPES, it crumbles to dust.
It is a scroll of identify.
k - 3 potions of curing
As you read the scroll labelled MOTA HAURUOCSO, it crumbles to dust.
Magic quickly surges around you.
It was a scroll of vulnerability.
The black bear bites you!
Ouch! That really hurt!
The black bear claws you. x2
* * * LOW HITPOINT WARNING * * *
As you read the scroll labelled BASOERHAIMN, it crumbles to dust.
It is a scroll of enchant weapon.
Your +1 dagger glows red for a moment.
The black bear closely misses you. x2
The black bear completely misses you. The black bear bites you.
You die...

#.......#
#.#####.# #.# #.#
#.# #.# ###)## #.#
.....# #.####
###..# #....#
#..####....#####
..#.....#....'hh@#
....>........###h#
.....##.##...# #.#
#.##.##......# #.#
#.##.####....# #.#
#............# #.#
###.####....# #..
#. #....######
##.####........<#


You could see a polar bear (berserk, weak-willed) and 2 black bears.

Vanquished Creatures
  An adder (D:2)
  A worm (D:2)
  3 dart slugs (D:1)
  2 endoplasms
  3 giant cockroaches (D:1)
  2 goblins (D:1)
  4 hobgoblins
  2 jackals (D:1)
  4 kobolds
  2 quokkas
  8 ball pythons
  4 bats (D:1)
  4 rats
40 creatures vanquished.

Vanquished Creatures (others)
  121 foxfires
  A fungus (D:2)
122 creatures vanquished.

Grand Total: 162 creatures vanquished

Notes
Turn   | Place    | Note
-------+----------+-------------------------------------------
     0 | D:1      | Descartes the Spriggan Enchanter began the quest for the
                  | Orb.
     0 | D:1      | Reached XP level 1. HP: 9/9 MP: 5/5
    15 | D:1      | Found a faded altar of an unknown god.
    20 | D:1      | Learned a level 1 spell: Foxfire
    22 | D:1      | Found Moadeng's Distillery.
   172 | D:1      | Became a worshipper of Trog the Wrathful
   172 | D:1      | Reached * piety under Trog
   173 | D:1      | Fell from the grace of Trog
   183 | D:1      | Reached XP level 2. HP: 13/13 MP: 6/6
   669 | D:1      | Reached skill level 5 in Stealth
   719 | D:1      | Reached XP level 3. HP: 16/16 MP: 2/8
   724 | D:1      | Paralysed by Trog for 6 turns
  1498 | D:2      | Noticed a polar bear
  1498 | D:2      | Noticed a polar bear
  1498 | D:2      | Noticed a black bear
  1498 | D:2      | Noticed a black bear
  2230 | D:2      | Noticed a black bear
  2230 | D:2      | Noticed a black bear
  2230 | D:2      | Noticed a polar bear
  2230 | D:2      | Noticed a polar bear
  2626 | D:3      | Noticed a polar bear
  2626 | D:3      | Noticed a black bear
  2626 | D:3      | Noticed a black bear
  2628 | D:3      | Slain by a black bear

Illustrated notes

Levels and vault maps discovered:
D:1:      elethiomel_arrival_quiet, layout_basic, serial_shops,
          nicolae_shop_trees, ebering_ecumenical_altar_hall
D:2:      layout_basic, grunt_ministairs_3, uniq_crazy_yiuf_cottage
D:3:      layout_basic

Skill      XL: |  1  2  3 |
---------------+----------+-----
Dodging        | 3 |  3.8
Stealth        | 5 |  5.4
Short Blades   | 2 |  2.3
Spellcasting   | |  2.8
Hexes          | |  3.7
Fire Magic     | |  0.3

Action                   || total
-------------------------++-------
Melee: Dagger            ||    85
 Cast: Foxfire           ||    70
Invok: Renounce Religion ||     1
  Use: Scroll            ||     6
 Stab: Sleeping          ||     7
Armor: Robe              ||    17
Dodge: Dodged            ||    92
